 Dungeon Crawl Stone Soup version 0.17-a0-1479-g4041c36 (webtiles) character file.

83 pulse the Chopper (level 4, 0/37 HPs)
             Began as a Formicid Berserker on July 3, 2015.
             Was a Believer of Trog.
             Slain by an adder (4 damage)
             ... on level 2 of the Dungeon.
             The game lasted 00:02:39 (1763 turns).

pulse the Chopper (Formicid Berserker)              Turns: 1763, Time: 00:02:40

Health: 0/37       AC:  2    Str: 28    XL:     4   Next: 71%
Magic:  4/4        EV: 12    Int:  6    God:    Trog [**....]
Gold:   92         SH:  0    Dex: 10    Spells: 0 memorised, 3 levels left

rFire  . . .     SeeInvis +     a - +0 hand axe
rCold  . . .     Clarity  .     b - +0 animal skin
rNeg   . . .     SustAt   .     (no shield)
rPois  .         Gourm    .     (helmet unavailable)
rElec  .         Spirit   .     (no cloak)
rCorr  .         Warding  .     (no gloves)
rMut   .         Stasis   +     (no boots)
MR     .....                    (no amulet)
Stlth  +.........               (no ring)
                                (no ring)

@: mighty, lethally poisoned (0 -> -5), not resistant to hostile enchantments,
very unstealthy
A: permanent stasis, dig shafts and tunnels, four strong arms, antennae 3
a: Dig, Shaft Self, Burn Spellbooks, Trog's Hand, Renounce Religion


You were on level 2 of the Dungeon.
You worshipped Trog.
Trog was pleased with you.
You were not hungry.

You visited 1 branch of the dungeon, and saw 2 of its levels.

You collected 92 gold pieces.

Inventory:

Hand weapons
 a - a +0 hand axe (weapon)
Armour
 b - a +0 animal skin (worn)
Jewellery
 e - an uncursed ring of flight {unknown}
 i - a +2 ring of intelligence {unknown}
 l - a +4 ring of intelligence {unknown}
Scrolls
 m - a scroll of identify
Potions
 d - 2 potions of heal wounds
 h - a potion of mutation {unknown}
 j - a potion of might
 n - a potion of curing {unknown}
Comestibles
 c - a bread ration
 f - a beef jerky
 g - 2 slices of pizza
 k - a chunk of flesh


   Skills:
 + Level 4.0 Fighting
 * Level 4.5 Axes
 + Level 2.3 Armour
 - Level 1.7 Dodging


You had 3 spell levels left.
You didn't know any spells.

Dungeon Overview and Level Annotations

Branches:
Dungeon (2/15)

Altars:
Xom


Innate Abilities, Weirdness & Mutations

You are under a permanent stasis effect.
You can dig through walls and to a lower floor.
Your four strong arms can wield two-handed weapons with a shield.
You have a pair of large antennae on your head (SInv).


Message History

The adder bites you. The quokka bites you.
The giant cockroach barely misses you. The adder bites you.
* * * LOW HITPOINT WARNING * * *
You are poisoned.
The adder poisons you! The quokka bites you.
* * * LOW HITPOINT WARNING * * *
You are too injured to fight recklessly!
Unknown command.
You are too injured to fight recklessly!
Unknown command.
You are too injured to fight recklessly!
You are too injured to fight recklessly!
Drink which item? (? for menu, Esc to quit)
It was a potion of might.
You feel very mighty all of a sudden.
* * * LOW HITPOINT WARNING * * *
You feel sick. The bat misses you. The giant cockroach bites you.
* * * LOW HITPOINT WARNING * * *
The adder bites you.
You die...

.......##.#...#######
######.##.##..#
#÷##.##..# #.##.##(.#
#.##.##..# #.##.##..#
######
#.##.##..####.....#
#.##.##...#.s..P...
#....##._.b@S♣ {
#######....#r≈≈.≈.≈
#...?..≈P≈.≈≈
##..##♣≈≈≈≈≈P #...
≈.≈≈≈≈ ##.. .≈≈≈≈≈
#... ≈≈≈≈≈ #... ≈≈..≈


You could see an adder, a quokka, a giant cockroach and a bat.

Vanquished Creatures
  2 adders (D:2)
  2 oozes
  A giant gecko (D:2)
  2 ball pythons (D:1)
  4 bats
  4 giant cockroaches
  6 goblins
  5 hobgoblins
  8 jackals (D:1)
  A quokka (D:2)
  2 giant newts
  7 kobolds
  5 rats
  A butterfly (D:2)
  A plant (D:1)
51 creatures vanquished.

Notes
Turn   | Place    | Note
--------------------------------------------------------------
     0 | D:1      | pulse the Formicid Berserker began the quest for the Orb.
     0 | D:1      | Reached XP level 1. HP: 18/18 MP: 1/1
    59 | D:1      | Reached XP level 2. HP: 14/24 MP: 2/2
   459 | D:1      | Reached XP level 3. HP: 20/29 MP: 3/3
   771 | D:1      | Acquired Trog's second power
   779 | D:1      | Reached skill level 4 in Axes
  1394 | D:2      | Reached XP level 4. HP: 27/37 MP: 4/4
  1742 | D:2      | Found a shimmering altar of Xom.
  1763 | D:2      | Slain by an adder

Vault maps used:
D:1:      saegor_arrival_miasma, serial_forest, infiniplex_forest_join,
          infiniplex_forest_clump_small, infiniplex_forest_end_2,
          infiniplex_forest_straight_3, infiniplex_forest_straight_5,
          infiniplex_forest_straight_2, infiniplex_forest_clump_curved,
          nrook_uturn
D:2:      xom_butterflies, first_bread, serial_bayou_pond_b

Action                   |  1- 3 |  4- 6 || total
-------------------------+-------+-------++-------
Melee: Hand axe          |   161 |    48 ||   209
  Use: Scroll            |     1 |       ||     1
       Potion            |       |     1 ||     1
 Stab: Sleeping          |     2 |     1 ||     3
  Eat: Chunk             |     1 |     2 ||     3
